 Dungeon Crawl Stone Soup version 0.26.0-20-g3ca415f5b8 (webtiles) character file.

Game seed: 15042663812125549366

48235 thiole the Warrior (level 14, -30/166 HPs)
             Began as an Octopode Hedge Wizard on Jan 25, 2021.
             Was an Initiate of Gozag.
             Annihilated by Rupert
             ... wielding a +3 great mace of protection
              (35 damage)
             ... on level 14 of the Dungeon.
             The game lasted 02:10:35 (28192 turns).

thiole the Warrior (Octopode Hedge Wizard)         Turns: 28192, Time: 02:10:35

Health: -30/166    AC:  3    Str: 20    XL:     14   Next: 45%
Magic:  36/36      EV: 19    Int: 27    God:    Gozag
Gold:   144        SH:  8    Dex: 12    Spells: 1/32 levels left

rFire    + + .     SeeInvis .   b - +9 hunting sling (flame)
rCold    + + .     Faith    .   m - +3 buckler
rNeg     + . .     Spirit   .   B - +2 hat
rPois    +         Reflect  .   d - amulet of regeneration
rElec    +         Harm     .   k - ring of protection from fire
rCorr    +         Rampage  .   j - ring of poison resistance
Will     +....                  F - +6 ring of strength
Stlth    ..........             H - +6 ring of intelligence
HPRegen  0.77/turn              c - ring "Luitim" {Wiz +Blink Will- Str+5}
MPRegen  0.25/turn              q - ring "Lusel" {rC+ Will+ Slay+2 Stlth-}
                                K - ring of positive energy
                                L - ring of magical power

@: mighty, brilliant, berserking, resistant, very quick
A: almost no armour, stealthy swim, amphibious, 8 rings, constrict 8, camouflage
1, gelatinous body 1
a: Renounce Religion, Evoke Blink, Potion Petition, Call Merchant, Bribe Branch


You were on level 14 of the Dungeon.
You worshipped Gozag.
Gozag was aware of your devotion.
You visited 3 branches of the dungeon, and saw 19 of its levels.
You also visited: Sewer, Bailey and Gauntlet.

You collected 4983 gold pieces.
You spent 809 gold pieces at shops.
You paid 4030 gold pieces to Gozag.

Inventory:

Hand Weapons
 b - a +9 hunting sling of flaming (weapon)
Missiles
 n - 430 stones (quivered ammo)
 J - 24 sling bullets
Armour
 m - a +3 buckler (worn)
 B - a +2 hat (worn)
Magical Staves
 V - an uncursed staff of conjuration
Jewellery
 c - the ring "Luitim" (on tentacle) {Wiz +Blink Will- Str+5}
   (You found it on level 9 of the Dungeon)

   [ring of wizardry]

   It improves your spell success rate.
   It affects your strength (+5).
   It affects your willpower, your defense against some magical effects.
   It lets you blink.
 d - an amulet of regeneration (around mantle)
 j - a ring of poison resistance (right tentacle)
 k - a ring of protection from fire (left tentacle)
 q - the ring "Lusel" (on tentacle) {rC+ Will+ Slay+2 Stlth-}
   (You bought it in a shop on level 10 of the Dungeon)

   [ring of attention]

   It affects your accuracy and damage with ranged weapons and melee attacks
   (+2).
   It protects you from cold.
   It affects your willpower, your defense against some magical effects.
   It makes you less stealthy.
 E - an uncursed ring of protection from cold
 F - a +6 ring of strength (on tentacle)
 H - a +6 ring of intelligence (on tentacle)
 K - a ring of positive energy (on tentacle)
 L - a ring of magical power (on tentacle)
 Q - an uncursed ring of protection from cold
 T - an uncursed ring of flight
 U - an uncursed amulet of magic regeneration
Wands
 f - a wand of disintegration (18)
 x - a wand of acid (9)
 y - a wand of paralysis (13)
 C - a wand of digging (9)
 D - a wand of polymorph (13)
 M - a wand of flame (12)
 P - a wand of random effects (8)
 R - a wand of iceblast (7)
Scrolls
 a - 3 scrolls of fog
 g - 11 scrolls of teleportation
 i - 3 scrolls of magic mapping
 t - 6 scrolls of remove curse
 w - 2 scrolls of enchant weapon
 G - 3 scrolls of enchant armour
 I - a scroll of vulnerability
 N - 2 scrolls of torment
 O - 4 scrolls of identify
Potions
 e - a potion of cancellation
 h - 3 potions of might
 l - 6 potions of brilliance
 p - 3 potions of mutation
 r - a potion of experience {unknown}
 s - 2 potions of curing
 u - a potion of berserk rage
 v - a potion of haste
 z - a potion of ambrosia


   Skills:
 + Level 15.6 Fighting
 - Level 3.1(4.7) Slings
 - Level 5.6(6.0) Throwing
 - Level 10.8 Dodging
 - Level 5.0 Stealth
 - Level 4.0 Shields
 + Level 9.9 Spellcasting
 + Level 3.8 Conjurations
 - Level 2.0 Summonings
 - Level 1.0 Translocations
 * Level 4.5 Fire Magic
 - Level 8.0 Air Magic
 - Level 8.5 Poison Magic
 - Level 1.4 Evocations


You had one spell level left.
You knew the following spells:

 Your Spells              Type           Power        Failure   Level
a - Stone Arrow           Conj/Erth      70%          2%          3
b - Call Imp              Summ           36%          1%          2
c - Blink                 Tloc           N/A          1%          2
d - Mephitic Cloud        Conj/Pois/Air  66%          1%          3
e - Ignite Poison         Fire/Tmut/Pois 53%          1%          3
f - Tornado               Air            35%          100%        9
g - Olgreb's Toxic Radia  Pois           74%          1%          4
h - Fireball              Conj/Fire      26%          9%          5

Your spell library contained the following spells:

 Spells                   Type           Power        Failure   Level
 Animate Skeleton         Necr           40%          1%          1
 Magic Dart               Conj           100%         1%          1
 Pain                     Necr           80%          1%          1
 Sting                    Tmut/Pois      100%         1%          1
 Corpse Rot               Necr/Air       N/A          1%          2
 Poisonous Vapours        Pois/Air       100%         1%          2
 Conjure Flame            Conj/Fire      53%          1%          3
 Static Discharge         Conj/Air       62%          1%          3
 Ensorcelled Hibernation  Hex/Ice        40%          2%          2
 Slow                     Hex            20%          2%          2
 Gell's Gravitas          Tloc           14%          3%          3
 Lightning Bolt           Conj/Air       31%          4%          5
 Confusing Touch          Hex            20%          5%          3
 Vampiric Draining        Necr           10%          5%          3
 Iskenderun's Mystic Bla  Conj/Tloc      40%          6%          4
 Silence                  Hex/Air        25%          9%          5
 Iskenderun's Battlesphe  Conj           51%          10%         5
 Animate Dead             Necr           10%          17%         4
 Petrify                  Tmut/Erth      20%          17%         4
 Starburst                Conj/Fire      26%          41%         6
 Agony                    Necr           20%          43%         5
 Borgnjor's Vile Clutch   Necr/Erth      10%          43%         5
 Metabolic Englaciation   Hex/Ice        10%          43%         5
 Yara's Violent Unravell  Hex/Tmut       10%          43%         5
 Shadow Creatures         Summ           N/A          71%         6
 Ignition                 Fire           27%          100%        8
 Shatter                  Erth           10%          100%        9


Dungeon Overview and Level Annotations

Branches:
Dungeon (14/15)            Temple (1/1) D:6            Lair (4/6) D:10
 Shoals (0/4) Lair:2        Snake (0/4) Lair:4          Orc (0/2) D:10
 Vaults (0/5) D:14          Sewer (visited)          Bailey (visited)
Gauntlet (visited)

Altars:
Ashenzari
Cheibriados
Dithmenos
Elyvilon
Gozag
Hepliaklqana
Qazlal
Ru
Uskayaw
Wu Jian
Xom
Zin
Beogh

Shops:
D:7 =   D:10 ?=

Annotations:
D:11 2 transporters
D:14 Rupert


Innate Abilities, Weirdness & Mutations

You cannot wear most types of armour.
You are very stealthy in the water. (Stealth+)
You are amphibious.
You can wear up to eight rings at the same time.
You can use your tentacles to constrict eight enemies at once.
Your skin changes colour to match your surroundings (Stealth+).
Your rubbery body absorbs attacks. (AC +1, EV +1)


Message History

You feel much better.
A red film seems to cover your vision as you go berserk!
You feel yourself moving faster!
You feel mighty!
You feel protected.
You feel mightier all of a sudden. You block Rupert's attack.
You hit Rupert! Your grab misses Rupert.
Rupert is severely wounded.
Rupert hits you with a +3 great mace of protection!!
* * * LOW HITPOINT WARNING * * *
You closely miss Rupert. You grab Rupert. You squeeze Rupert!!
Rupert is almost dead.
You constrict Rupert. You block Rupert's attack.
You clumsily bash Rupert.
Rupert is almost dead.
You constrict Rupert!
Rupert hits you with a +3 great mace of protection!!
* * * LOW HITPOINT WARNING * * *
Rupert hits you with a +3 great mace of protection!!
You die...
Your body crumbles into a pile of gold.

#.......######.........#
#..)....#.......?......#
#.......#.............#
#.......#......#'#########
#.......#......#.........##
#.......+.....(#...=.....')
#####.####.##......#.........##
#..........##..@...############
###.#.########@###.##...#......
#.#.# #.# #(##...#.(.... #.#.#
#.# #(#....+...... #.#.# #.#
#(#....##..... #.#.# #.#
#(#....<#..... #.#.# #.#
#(#....##..(.. #.#.# #.#
#(#)#......... #.#.# #.#
#(#.######....
#.#.########.###+#...........


You could see Rupert (berserk, corroded).

Vanquished Creatures
  A dire elephant (Gauntlet)
  A minotaur (Gauntlet)
  3 boulder beetles
  6 hydras
  6 centaur warriors
  A tengu warrior (D:14)
  6 death yaks (Gauntlet)
  An unseen horror (D:14)
  2 wolf spider zombies (D:14)
  2 wizards (D:14)
  A necromancer (Gauntlet)
  A lindwurm (Lair:4)
  3 orc knights (D:10)
  A deep elf mage (D:14)
  2 ugly things (D:11)
  A cyclops (D:11)
  2 manticores (D:14)
  A black mamba (Lair:2)
  An elephant (Gauntlet)
  Joseph (D:7)
  A guardian serpent (shapeshifter) (D:11)
  12 cane toads
  Maggie (D:7)
  6 komodo dragons
  A rime drake (Lair:4)
  A tengu conjurer (D:14)
  5 trolls
  2 polar bears (Lair:4)
  3 slime creatures (D:12)
  2 shadows (D:14)
  A centaur simulacrum (D:14)
  2 vampires (D:11)
  2 wyverns
  2 wraiths
  20 yaks
  2 basilisks
  7 vampire mosquitoes
  Menkaure (D:7)
  A soldier ant (D:14)
  4 nagas (Lair:4)
  An acid dragon (D:14)
  7 water moccasins
  5 black bears
  3 ice beasts
  13 orc warriors
  2 sky beasts
  An eye of draining (D:8)
  2 necrophages (D:8)
  7 ogres
  26 centaurs
  4 wolves (Lair:2)
  2 big kobolds (D:11)
  A wyvern zombie (D:11)
  10 bullfrogs
  3 scorpions
  A wyvern skeleton (D:9)
  18 killer bees
  20 wights
  9 howler monkeys
  2 electric eels (Lair:3)
  2 centaur zombies
  5 bullfrog zombies
  4 jellies
  6 hounds
  4 orc priests
  5 bullfrog skeletons
  7 iguanas
  7 orc wizards
  Natasha (D:4)
  9 worker ants
  A hound zombie (D:11)
  A worker ant zombie (D:11)
  5 gnolls
  8 adders
  2 shadow imps
  2 white imps
  An ufetubus (D:10)
  A worm (D:2)
  2 leopard geckos
  78 orcs
  A bat zombie (D:2)
  7 giant cockroaches
  9 goblins
  7 hobgoblins
  17 jackals
  23 kobolds
  2 quokkas
  2 ball pythons
  9 bats
  7 frilled lizards
  5 rats
496 creatures vanquished.

Vanquished Creatures (collateral kills)
  An ogre (D:11)
  A hound (D:5)
  An orc wizard (D:5)
  A bullfrog skeleton (D:8)
  Natasha (twice) (D:4)
  A worker ant (D:5)
  A hound skeleton (D:5)
  2 gnolls (D:5)
  An adder (D:4)
  A leopard gecko (D:4)
  2 jackals
  9 kobolds (Sewer)
23 creatures vanquished.

Vanquished Creatures (others)
  A deep elf mage (D:13)
  A yak (D:13)
  11 fungi
  14 plants
27 creatures vanquished.

Grand Total: 546 creatures vanquished

Notes
Turn   | Place    | Note
-------+----------+-------------------------------------------
     0 | D:1      | thiole the Octopode Hedge Wizard began the quest for the
                  | Orb.
     0 | D:1      | Reached XP level 1. HP: 11/11 MP: 4/4
   193 | D:1      | Reached XP level 2. HP: 17/17 MP: 4/6
  1060 | D:2      | Reached XP level 3. HP: 21/21 MP: 7/7
  1890 | D:2      | Learned a level 2 spell: Call Imp
  1893 | D:2      | Learned a level 2 spell: Blink
  1897 | D:2      | Learned a level 3 spell: Mephitic Cloud
  2013 | D:2      | Reached XP level 4. HP: 27/27 MP: 1/9
  2607 | D:3      | Found a glowing drain.
  2611 | Sewer    | Entered a sewer
  4043 | D:3      | Found a broken altar of Ashenzari.
  4049 | D:3      | Found a shadowy altar of Dithmenos.
  4182 | D:3      | Found an ornate altar of the Wu Jian Council.
  4338 | D:3      | You fall into a shaft and drop 3 floors!
  4338 | D:6      | Found a staircase to the Ecumenical Temple.
  4348 | Temple   | Entered the Ecumenical Temple
  4354 | Temple   | Became a worshipper of Gozag Ym Sagoz the Greedy
  4431 | D:5      | Entered Level 5 of the Dungeon
  4470 | D:5      | Reached XP level 5. HP: 31/31 MP: 1/10
  4656 | D:5      | Reached skill level 1 in Poison Magic
  4745 | D:5      | Reached skill level 1 in Fighting
  4745 | D:5      | Reached skill level 5 in Stealth
  4745 | D:5      | Reached skill level 1 in Air Magic
  4982 | D:4      | Noticed Natasha
  4988 | D:4      | Killed Natasha
  4989 | D:4      | Reached XP level 6. HP: 38/38 MP: 2/12
  5339 | D:4      | Noticed Natasha
  5346 | D:4      | Killed Natasha
  5638 | D:4      | Reached skill level 2 in Fighting
  5998 | D:4      | Reached skill level 3 in Fighting
  6034 | D:4      | Noticed Natasha
  6042 | D:4      | Killed Natasha
  6043 | D:4      | Reached XP level 7. HP: 47/47 MP: 3/13
  6390 | D:5      | Reached skill level 4 in Fighting
  7469 | D:6      | Reached skill level 1 in Evocations
  8163 | D:7      | Reached skill level 5 in Fighting
  8263 | D:7      | Reached XP level 8. HP: 38/55 MP: 0/14
  8408 | D:7      | Reached skill level 1 in Shields
  8508 | D:7      | Noticed Joseph
  8514 | D:7      | Noticed Maggie
  8536 | D:7      | Killed Joseph
  8537 | D:7      | Reached skill level 6 in Fighting
  8787 | D:7      | Killed Maggie
  8788 | D:7      | Reached skill level 5 in Dodging
  8837 | D:7      | Noticed Menkaure
  8839 | D:7      | Killed Menkaure
  9179 | D:7      | Found Fioll's Jewellery Boutique.
  9194 | D:7      | Reached XP level 9. HP: 63/63 MP: 13/15
  9238 | D:7      | Reached skill level 7 in Fighting
 10123 | D:8      | Found a shimmering altar of Xom.
 10475 | D:8      | Reached skill level 1 in Throwing
 10564 | D:8      | Noticed an eight-headed hydra
 10576 | D:8      | Killed an eight-headed hydra
 10577 | D:8      | Reached skill level 8 in Fighting
 10577 | D:8      | Reached XP level 10. HP: 30/73 MP: 16/16
 11032 | D:9      | Got a scorched amber ring
 11098 | D:9      | Found a flagged portal.
 11160 | Bailey   | Entered a bailey
 11186 | Bailey   | Reached skill level 9 in Fighting
 12599 | D:9      | Identified the ring "Luitim" {Wiz +Blink Will- Str+5} (You
                  | found it on level 9 of the Dungeon)
 12656 | D:9      | Reached skill level 10 in Fighting
 13290 | D:9      | Reached XP level 11. HP: 63/82 MP: 9/17
 13439 | D:9      | Reached skill level 11 in Fighting
 13644 | D:10     | Entered Level 10 of the Dungeon
 13684 | D:10     | You fall into a shaft and drop 1 floor!
 13808 | D:11     | Noticed a centaur warrior
 13809 | D:11     | Found a transporter.
 13809 | D:11     | Noticed a fire dragon
 13809 | D:11     | Noticed a tengu reaver
 13811 | D:11     | Noticed a manticore
 13814 | D:11     | Reached skill level 5 in Throwing
 14062 | D:11     | Noticed an ogre mage
 14275 | D:10     | Reached skill level 10 in Dodging
 14312 | D:10     | Noticed an orc knight
 14507 | D:10     | Found a staircase to the Lair.
 14641 | D:10     | Found a roughly hewn altar of Beogh.
 14641 | D:10     | Found a staircase to the Orcish Mines.
 14641 | D:10     | Noticed an orc knight
 14641 | D:10     | Noticed an orc knight
 14706 | D:10     | Killed an orc knight
 15555 | D:10     | Killed an orc knight
 15556 | D:10     | Reached skill level 12 in Fighting
 15645 | D:10     | Killed an orc knight
 15646 | D:10     | Reached skill level 5 in Spellcasting
 16035 | D:11     | Noticed a brown ugly thing
 16049 | D:11     | Killed a brown ugly thing
 16231 | D:11     | Noticed a cyclops
 16452 | D:11     | Killed a cyclops
 16633 | D:11     | Reached skill level 13 in Fighting
 16695 | D:11     | Noticed a purple ugly thing
 16710 | D:11     | Killed a purple ugly thing
 17098 | D:11     | Found a transporter.
 17476 | D:10     | Bought the ring "Lusel" {rC+ Will+ Slay+2 Stlth-} for 639
                  | gold pieces
 17489 | Lair:1   | Entered Level 1 of the Lair of Beasts
 17927 | Lair:1   | Reached XP level 12. HP: 94/94 MP: 22/22
 18195 | Lair:1   | Reached skill level 1 in Slings
 18562 | Lair:1   | Noticed a six-headed hydra
 18568 | Lair:1   | Killed a six-headed hydra
 18577 | Lair:1   | Reached skill level 14 in Fighting
 19157 | Lair:2   | Found an ornate altar of the Wu Jian Council.
 19157 | Lair:2   | Found a hide-covered altar of Uskayaw.
 19157 | Lair:2   | Noticed a boulder beetle
 19206 | Lair:2   | Noticed a six-headed hydra
 19214 | Lair:2   | Killed a six-headed hydra
 19752 | D:10     | Bought a scroll of identify for 34 gold pieces
 19752 | D:10     | Bought a scroll of identify for 34 gold pieces
 19752 | D:10     | Bought a scroll of identify for 34 gold pieces
 19752 | D:10     | Bought a scroll of identify for 34 gold pieces
 19752 | D:10     | Bought a scroll of identify for 34 gold pieces
 19753 | D:10     | Identified a scroll of acquirement
 19754 | D:10     | Acquired the Papyrus of Battle Magic and Air
 19937 | Lair:2   | Found a staircase to the Shoals.
 20085 | Lair:2   | Noticed an eight-headed hydra
 20091 | Lair:2   | Killed an eight-headed hydra
 20207 | Lair:2   | Learned a level 3 spell: Stone Arrow
 20217 | Lair:2   | Learned a level 9 spell: Tornado
 20348 | Lair:2   | Killed a boulder beetle
 21269 | Lair:3   | Learned a level 4 spell: Olgreb's Toxic Radiance
 21274 | Lair:3   | Learned a level 3 spell: Ignite Poison
 21709 | Lair:3   | Reached XP level 13. HP: 70/102 MP: 25/25
 22249 | Lair:4   | Reached skill level 5 in Air Magic
 22274 | Lair:4   | Reached skill level 15 in Fighting
 22669 | Lair:4   | Reached skill level 5 in Poison Magic
 22679 | Lair:4   | Found a staircase to the Snake Pit.
 23986 | D:13     | Found a gate leading to a gauntlet.
 24003 | Gauntlet | Entered a Gauntlet
 24003 | Gauntlet | Found a transporter.
 24012 | Gauntlet | Found a transporter.
 24014 | Gauntlet | Noticed a dire elephant
 24028 | Gauntlet | Found a transporter.
 24040 | Gauntlet | Found a transporter.
 24055 | Gauntlet | Noticed a reaper
 24058 | Gauntlet | Found a transporter.
 24071 | Gauntlet | Found a transporter.
 24072 | Gauntlet | Found a transporter.
 24073 | Gauntlet | Found a transporter.
 24076 | Gauntlet | Found a transporter.
 24077 | Gauntlet | Found a transporter.
 24077 | Gauntlet | Noticed a reaper
 24096 | Gauntlet | Found a transporter.
 24170 | Gauntlet | Found a transporter.
 24732 | Gauntlet | Killed a dire elephant
 25339 | Gauntlet | Noticed a minotaur
 25348 | Gauntlet | Killed a minotaur
 26189 | D:13     | Reached XP level 14. HP: 71/110 MP: 27/27
 26421 | D:13     | Learned a level 5 spell: Fireball
 26567 | D:14     | Reached skill level 1 in Fire Magic
 26926 | D:14     | Found a gate to the Vaults.
 28138 | D:14     | Noticed Rupert
 28185 | D:14     | HP: 1/111 [Rupert/+3 great mace of protection (35)]
 28192 | D:14     | HP: 5/166 [Rupert/+3 great mace of protection (21)]
 28192 | D:14     | Annihilated by Rupert

Illustrated notes

Levels and vault maps discovered:
D:1:      dpeg_arrival_renting, layout_basic
D:2:      minmay_diamond_boxcup, layout_loops_ring
D:3:      layout_loops_corners, pdpol_wu_jian_five_deadly_venoms, minitemple,
          gup_sewer_entry_bowl
D:4:      layout_gridville, uniq_natasha
D:5:      layout_basic
D:6:      layout_basic, minmay_temple_entry_glass
D:7:      layout_basic, serial_shops, nicolae_shop_behind_doors, uniq_joseph,
          uniq_menkaure, uniq_maggie
D:8:      layout_gridville, old_standard_altar
D:9:      layout_layer_cave, enter_bailey_4
D:10:     layout_irregular_city, lair_entry_dummy, david_orc_5
D:11:     gammafunk_sealed_arena, layout_basic
D:12:     layout_long_grid
D:13:     layout_roguey, gauntlet_entry_generic, kennysheep_generic_room_13
D:14:     layout_basic, david_vaults_1, chequers_serial_rivers_small_b,
          uniq_rupert
Temple:   eino_narrow_crystal_temple
Lair:1:   layout_cave_pods
Lair:2:   layout_cellular_growth, elwin_shoals_entry_rocks,
          nzn_masters_of_martial_movement, grunt_megastairs_4
Lair:3:   layout_misc_corridors, serial_bayou_pond_c,
          nicolae_quartered_pool_medium
Lair:4:   layout_roguey, minmay_snake_entry_guardpost_small

Skill      XL: |  1  2  3  4  5  6  7  8  9 10 11 12 13 14 |
---------------+-------------------------------------------+-----
Stealth        | 3 4 5 |  5.0
Conjurations   | 2 3 |  3.8
Summonings     | 2 |  2.0
Spellcasting   | 4 6 8 9 |  9.9
Poison Magic   | 1 2 4 8 |  8.5
Fighting       | 1 3 5 6 8 10 13 14 15 | 15.6
Air Magic      | 1 2 4 8 |  8.0
Evocations     | 1 |  1.4
Dodging        | 3 5 7 9 10 | 10.8
Shields        | 3 4 |  4.0
Throwing       | 2 4 5 |  5.6
Slings         | 3 |  3.1
Fire Magic     | 4 |  4.5
Translocations | |  1.0

Action                   |  1- 3 |  4- 6 |  7- 9 | 10-12 | 13-15 || total
-------------------------+-------+-------+-------+-------+-------++-------
Melee: Dagger            |    47 |    89 |    39 |       |       ||   175
       Tentacles         |     6 |    11 |    13 |     7 |     3 ||    40
       Constrict         |    14 |    19 |     6 |     4 |     2 ||    45
       Hunting sling     |       |       |       |    12 |     7 ||    19
 Fire: Hunting sling     |       |       |   140 |   865 |   530 ||  1535
Throw: Dart              |       |       |     5 |       |       ||     5
 Cast: Magic Dart        |    68 |   128 |    64 |    14 |       ||   274
       Call Imp          |       |    36 |    28 |    19 |     3 ||    86
       Mephitic Cloud    |       |       |       |    17 |    16 ||    33
       Stone Arrow       |       |       |       |     5 |     3 ||     8
       Olgreb's Toxic Ra |       |       |       |       |    11 ||    11
       Ignite Poison     |       |       |       |       |     8 ||     8
Invok: Call Merchant     |       |       |       |     2 |       ||     2
       Potion Petition   |       |       |       |     1 |     5 ||     6
Evoke: Wand              |       |       |     5 |     9 |     9 ||    23
  Use: Potion            |       |     4 |     2 |    12 |    10 ||    28
       Scroll            |       |     9 |    13 |    14 |    10 ||    46
 Stab: Sleeping          |     1 |     1 |     1 |     1 |       ||     4
       Distracted        |       |     1 |       |       |       ||     1
       Confused          |       |       |       |     1 |     1 ||     2
Armor: Skin              |    10 |    38 |     4 |    11 |    34 ||    97
Dodge: Dodged            |    48 |    64 |    47 |   235 |   145 ||   539
Block: Buckler           |       |       |     8 |    98 |   110 ||   216
